[Event "Marmaris Icmeler-IM May 2022"]
[Site "Icmeler"]
[Date "2022.05.09"]
[Round "10.2"]
[White "Huseyinoglu, Alihan"]
[Black "Ince, Taylan Ruzgar"]
[Result "1-0"]
[ECO "D97"]
[WhiteElo "2278"]
[BlackElo "2018"]
[Annotator "TA"]
[PlyCount "61"]
[EventDate "2022.05.05"]
[EventType "schev"]
[EventCountry "TUR"]
[SourceTitle "playchess.com"]
[Source "ChessBase"]
[SourceQuality "1"]
[TimeControl "5400+30"]

1. d4 Nf6 2. c4 g6 3. Nc3 d5 4. Nf3 Bg7 5. Qb3 dxc4 6. Qxc4 O-O 7. e4 a6 8. e5 b5 9. Qb3 Nfd7 10. e6 fxe6 11. Be3 {[%emt 0:00:00] 11.Qxe6+ is the fancy move.} Nb6 {[%emt 0:07:30] D97: Grünfeld: Russian System: 7 e4, replies other than 7...Bg4.} (11... Nf6 $11 {remains equal.}) 12. h4 $16 Nc6 13. h5 b4 {[%emt 0:19:30] [#] White is better.} (13... Bxd4 $2 14. Rd1 Na5 15. Qb4 $18 (15. Rxd4 Nxb3 16. Rxd8 Rxd8 $18)) 14. Ne2 $146 {[%emt 0:10:30] aiming for hxg6.} ({Predecessor:} 14. Ne4 Qd5 15. Qc2 e5 16. h6 Bh8 17. dxe5 Nxe5 18. Rd1 Nxf3+ 19. gxf3 Qf5 20. Qxc7 Qxf3 21. Rh4 Bg4 22. Bc4+ e6 23. Rxg4 Qxg4 24. Ng5 {1-0 (24) Lugovoi,A (2509)-Holmsten,A (2380) Jyvaskyla 1999}) 14... Nd5 (14... Rf6 $16) 15. hxg6 $18 hxg6 16. Qc2 Qe8 17. Qe4 Rf5 18. Ng3 (18. Qh4 $2 Rh5 19. Qe4 Rxh1 $19) 18... Qf7 (18... Nxe3 $2 19. fxe3 Bd7 20. Bc4 $18) 19. Bc4 ({Resist} 19. Nxf5 gxf5 20. Qc2 (20. Qh4 f4 $16) 20... Bb7) (19. Qh4 Rxf3 20. gxf3 Bf6) 19... Bb7 (19... Na5 {was necessary.}) 20. Nxf5 ({Don't do} 20. Qh4 $6 Bf6 21. Nxf5 Bxh4 22. Nh6+ Kg7 23. Bxd5 (23. Nxf7 Nxe3 24. Bxe6 Nd8 $14) 23... Qe8 $18) 20... gxf5 21. Qh4 {[%emt 0:01:30] Really sharp!} f4 $2 (21... Kf8 22. Rc1 Nxe3 23. fxe3 Nd8) 22. Bxd5 exd5 23. Bxf4 Nxd4 (23... Qf5 {was called for.} 24. Qg3 Kf7) 24. Nxd4 {[%emt 0:00:30] White is clearly winning.} Bxd4 25. O-O-O Qg7 {[%emt 0:02:20] [#]} (25... Bf6 $142) 26. Rxd4 $1 Qxd4 27. Qg4+ Kf7 28. Rh7+ Ke8 {[%emt 0:00:12] [#]} 29. Rxe7+ $1 {[%emt 0:00:00][%mdl 576] Decoy} Kxe7 30. Bg5+ {[%emt 0:00:30][%mdl 64] Discovered Attack} Qf6 31. Qxb4+ {[%emt 0:00:30] Black did not feel at home in the position after the opening.  Weighted Error Value: White=0.24 (precise) /Black=0.56} 1-0

[Event "Marmaris Icmeler-IM May 2022"]
[Site "Icmeler"]
[Date "2022.05.09"]
[Round "10.3"]
[White "Darban, Morteza"]
[Black "Taspinar, Yanki"]
[Result "1/2-1/2"]
[ECO "C44"]
[WhiteElo "2279"]
[BlackElo "2176"]
[Annotator "TA"]
[PlyCount "63"]
[EventDate "2022.05.05"]
[EventType "schev"]
[EventCountry "TUR"]
[SourceTitle "playchess.com"]
[Source "ChessBase"]
[SourceQuality "1"]
[TimeControl "5400+30"]

1. e4 e5 2. Nf3 Nc6 3. Be2 Nf6 4. d3 g6 5. c3 Bg7 6. O-O {[%emt 0:03:30] C44: Ponziani Opening and Scotch Gambit.} O-O 7. Nbd2 d5 8. b4 a6 9. Bb2 Bg4 {[%emt 0:16:30] [#]} 10. Re1 $146 ({Predecessor:} 10. a4 Re8 11. Re1 Qd6 12. Qc2 Rad8 13. b5 Na5 14. c4 d4 15. c5 Qd7 16. Reb1 {½-½ (61) Hamann,H (2389)-Rodin,E (2341) ICCF corr 1999}) 10... h6 11. a3 Qe7 12. exd5 (12. h3 {feels hotter.} Be6 13. exd5 Nxd5 14. a4) 12... Nxd5 13. Nxe5 Qxe5 $11 {[%emt 0:00:30] The position is equal.} ({Don't play} 13... Bxe2 14. Nxc6 Qf6 15. Ne7+ (15. Qxe2 Qxc6 16. Rac1 Rfe8 $11) 15... Qxe7 16. Rxe2 $14) 14. Bxg4 Nxc3 15. Qb3 {[%emt 0:05:30] [#]} ({Wrong is} 15. Rxe5 $2 Nxd1 16. Bxd1 Bxe5 17. Bxe5 Nxe5 $19) 15... Ne2+ $1 16. Bxe2 Qxb2 17. Qxb2 Bxb2 18. Ra2 Bc3 19. Bf3 Rae8 20. Rxe8 Rxe8 21. Bxc6 Re1+ 22. Nf1 bxc6 {[%emt 0:00:00][%mdl 4096] Endgame KRB-KRN} 23. Rc2 Bd4 24. Rxc6 Re2 25. Ne3 $1 Re1+ 26. Nf1 Re2 27. Ne3 $1 Re1+ $1 28. Nf1 Re2 29. Ne3 $1 Re1+ $1 30. Nf1 Re2 31. Ne3 $1 Re1+ $1 32. Nf1 {[%emt 0:00:00] Weighted Error Value: White=0.09 (flawless) /Black=0.07 (flawless)} 1/2-1/2

[Event "Marmaris Icmeler-IM May 2022"]
[Site "Icmeler"]
[Date "2022.05.09"]
[Round "10.4"]
[White "Odeev, Handszar"]
[Black "Kilic, Eray"]
[Result "1/2-1/2"]
[ECO "B20"]
[WhiteElo "2305"]
[BlackElo "2192"]
[Annotator "TA"]
[PlyCount "58"]
[EventDate "2022.05.05"]
[EventType "schev"]
[EventCountry "TUR"]
[SourceTitle "playchess.com"]
[Source "ChessBase"]
[SourceQuality "1"]
[TimeControl "5400+30"]

1. e4 c5 2. b3 Nc6 3. Bb2 d5 4. exd5 Qxd5 5. Nc3 Qd8 6. Bb5 {[%emt 0:02:30] B20: Sicilian: Unusual White 2nd moves.} Nf6 (6... Bd7 $11) 7. Bxc6+ $16 bxc6 8. Qf3 {[%emt 0:00:00] White is better.} Qc7 {[%emt 0:04:30] [#]} 9. Ne4 $146 ({Predecessor:} 9. Na4 Bg4 10. Qg3 Qd6 11. Qxd6 exd6 12. Bxf6 gxf6 13. f3 Be6 14. Ne2 Bh6 15. Ng3 {½-½ (64) Zugaj,Z-Saradjen,J (2165) Portoroz 1996}) 9... Be6 10. c4 {[%emt 0:07:30] White is more active.} ({But not} 10. Nxc5 Bd5 11. Qh3 e5 $14) 10... O-O-O 11. Ne2 (11. Nxc5 $16 Bg4 12. Qe3) 11... Bg4 $14 12. Qe3 e5 13. f3 {[%emt 0:11:00] Black must now prevent Nxf6.} ({Don't blunder} 13. Nxc5 $2 Bxc5 14. Qxc5 Rxd2 $3 $19 ) 13... Bf5 14. Nxc5 Qa5 {[%emt 0:06:30] [#]} 15. Na4 {[%emt 0:00:02] Pair of Knights!} Bb4 {[%emt 0:08:30][%cal Rb4d2] [#]} 16. Bc3 Rd3 17. Qg5 (17. Bxb4 $142 Qxb4 18. Qc5 (18. Qxa7 Qxd2+ 19. Kf2 e4 $16) 18... Qxc5 19. Nxc5) 17... Bg6 $16 18. O-O h6 19. Qh4 Rhd8 20. Rae1 ({White should try} 20. Ng3 $16) 20... Bxc3 (20... Rxd2 $11 21. Bxd2 Bxd2) 21. dxc3 $14 Rd2 $1 22. Nc1 (22. f4 $14) 22... e4 (22... Nh5 $11) 23. fxe4 ({White should play} 23. f4 $16) 23... Qe5 $11 {[%emt 0:00:30][%cal Rg6e4] The position is equal.} 24. Qf4 Qxf4 25. Rxf4 Bxe4 26. Rf2 Rd1 27. Rxd1 Rxd1+ 28. Rf1 Rd2 29. Rf2 Rd1+ {[%emt 0:00:00] Weighted Error Value: White=0.16 (very precise) /Black=0.18 (very precise)} 1/2-1/2

[Event "Marmaris Icmeler-IM May 2022"]
[Site "Icmeler"]
[Date "2022.05.09"]
[Round "10.5"]
[White "Sevdimaliyev, Urfan"]
[Black "Nazari, Arad"]
[Result "0-1"]
[ECO "A30"]
[WhiteElo "2331"]
[BlackElo "2287"]
[Annotator "TA"]
[PlyCount "48"]
[EventDate "2022.05.05"]
[EventType "schev"]
[EventCountry "TUR"]
[SourceTitle "playchess.com"]
[Source "ChessBase"]
[SourceQuality "1"]
[TimeControl "5400+30"]

1. Nf3 Nf6 2. e3 g6 3. b3 Bg7 4. Bb2 O-O 5. Be2 d5 6. O-O c5 7. c4 Nc6 8. cxd5 Nxd5 9. Bxg7 Kxg7 10. Qc1 (10. Qc2 {is more complex.} Qd6 11. Rc1 b6 12. d4) 10... Qd6 {[%emt 0:01:00] A30: Symmetrical English: Double Fianchetto and Hedgehog.} 11. Nc3 b6 12. Nxd5 Qxd5 {[%emt 0:00:00] The position is equal.} 13. Qc3+ {[%emt 0:00:30] [#]} f6 $146 ({Predecessor:} 13... Kg8 14. Rfd1 Bb7 15. Bc4 Qd6 16. d4 cxd4 17. Nxd4 Nxd4 18. Qxd4 Qxd4 19. Rxd4 Rfd8 20. Rad1 {½-½ (20) Vogt,L (2510)-Uhlmann,W (2505) Cottbus 1983}) 14. Rac1 Bb7 15. Rfd1 Rfd8 16. Bc4 Qh5 {[%emt 0:02:30] ...Nb4 is the strong threat.} 17. d4 Rac8 (17... Nb4 $1 $15 18. Rd2 (18. a3 $2 Bxf3 19. gxf3 Na2 $19) 18... Bxf3 19. gxf3 Qxf3) 18. a3 (18. Qe1 $1 $14) 18... cxd4 (18... Na5 $1 $15 19. Be2 cxd4) 19. Nxd4 (19. exd4 $5 b5 20. Be2 $11 (20. Be6 $2 Nxd4 21. Qe3 Rxc1 $19)) 19... Nxd4 20. Rxd4 $2 {[%emt 0:00:30] This move loses the game for White.} (20. exd4 $15 Qg5 21. g3) 20... Rxd4 $19 21. Qxd4 {[%emt 0:00:30] [#]} b5 $1 $40 {[%emt 0:08:30][%mdl 128] White is in trouble.} 22. Qd7 {[%emt 0:07:30] [#]} Qd5 $1 23. Qxe7+ (23. Bxd5 $2 Rxc1#) ({Much weaker is} 23. Qxd5 Bxd5 24. Rc2 bxc4 $19) 23... Kh6 {[%emt 0:00:30][%csl Gb7][%cal Rd5g2] Chess con chili.} 24. e4 $2 (24. f3 Qe5 25. Qxe5 fxe5 26. Kf2) 24... Qxe4 {[%emt 0:00:30] Weighted Error Value: White=0.55/Black=0.17 (very precise)} (24... Qc6 $2 25. Rc3 bxc4 26. Rh3+ Kg5 27. Rg3+ (27. Qxh7 Kf4 $18) 27... Kh6 28. Rh3+ Kg5 29. Qxh7 $18) 0-1